WCHLSIM.com - West Coast Hockey League
html PUBLIC "-//W3C//DTD XHTML 1.0 Transitional//EN" "http://www.w3.org/TR/xhtml1/DTD/xhtml1-transitional.dtd"> WCHL - Game 180 - REGINA FALCONS vs SAN DIEGO THUNDER

REGINA FALCONS vs SAN DIEGO THUNDER

Created - 7 novembre 2022 at 22:54

Goals
1 2 3 T
REGINA FALCONS 3 0 0 3
SAN DIEGO THUNDER 1 3 0 4
Shots
1 2 3 T
REGINA FALCONS 8 14 5 27
SAN DIEGO THUNDER 9 17 9 35

1st period

1. REGINA FALCONS , David Pastrnak 6 (Jonathan Drouin 7) at 6:14 (PP)
2. REGINA FALCONS , Jonathan Drouin 3 (David Pastrnak 4) at 8:26 (PP)
3. REGINA FALCONS , Ivan Provorov 1 (Jonathan Drouin 8, David Pastrnak 5) at 10:33 (PP)
4. SAN DIEGO THUNDER , Evander Kane 6 (Mark Scheifele 8) at 17:38

Penalties :
Charles McAvoy (SDG) for Interference (Minor) at 5:51, Erik Cernak (SDG) for Tripping (Minor) at 7:00, Connor Murphy (SDG) for Hooking (Minor) at 10:19

2nd period

5. SAN DIEGO THUNDER , Brandon Saad 3 (Logan Couture 6, Alexandre Carrier 4) at 6:55 (PP)
6. SAN DIEGO THUNDER , David Perron 3 (Logan Couture 7, Charles McAvoy 7) at 15:29
7. SAN DIEGO THUNDER , Ryan Hartman 3 (Evander Kane 3, Mark Scheifele 9) at 18:25

Penalties :
Tom Wilson (REG) for Hooking (Minor) at 1:22, Nicolas Hague (REG) for Roughing (Minor) at 5:15, Ben Harpur (REG) for Holding (Minor) at 7:05, Evander Kane (SDG) for Slashing (Minor) at 9:02

3rd period

No Goal

Penalties :
Radko Gudas (SDG) for Hooking (Minor) at 2:40, Ben Harpur (REG) for Boarding (Minor) at 8:17, Ben Harpur (REG) for Tripping (Minor) at 10:36, Cole Smith (REG) for Slashing (Minor) at 14:45, Tom Wilson (REG) for Cross-checking (Minor) at 18:46

Goalie Stats

Chris Driedger (REG), 31 saves from 35 shots - (0,886), L, 0-4-1, 60:00 minutes
Thomas Greiss (SDG), 3 saves from 6 shots - (0,500), 10:33 minutes
Connor Hellebuyck (SDG), 21 saves from 21 shots - (1,000), W, 4-6-0, 49:27 minutes

Players Stats for REGINA FALCONS

Player Name              G  A  P  +/- PIM S  H  SB GA TA FO     MP     PP MP  PK MP  
------------------------------------------------------------------------------------
Andrej Sekera            0  0  0   0  0   0  0  4  0  0  0/0    20:46   2:48   4:57 
Ben Harpur               0  0  0   0  6   0  0  1  0  0  0/0    14:51   2:48   1:11 
Chris Tierney            0  0  0  -1  0   0  0  0  0  0  3/6     8:42   0:00   0:00 
Cole Smith               0  0  0  -2  2   0  1  0  0  0  1/1     7:33   0:00   0:25 
David Pastrnak           1  2  3   0  0   5  0  0  0  0  0/1    17:00   3:08   0:00 
Filip Zadina             0  0  0   0  0   0  0  0  0  0  0/1    11:30   0:00   0:00 
Ivan Provorov            1  0  1  -3  0   4  0  1  0  0  0/0    28:10   3:11   7:40 
James Hamblin            0  0  0  -2  0   0  0  0  0  0  6/12    8:22   0:00   1:13 
Jason Dickinson          0  0  0   0  0   2  3  1  0  0  0/1    17:00   3:08   0:00 
Joel Armia               0  0  0  -1  0   0  5  0  0  0  0/2    16:28   2:51   4:55 
Jonathan Drouin          1  2  3   0  0   4  1  1  0  0  12/33  23:10   3:08   6:10 
Jonathan Miller          0  0  0  -1  0   2  0  1  0  0  1/2     8:42   0:00   0:00 
Matt Bartkowski          0  0  0   0  0   0  0  0  0  0  0/0    25:06   3:11   6:36 
Michael Dal Colle        0  0  0  -2  0   2  0  0  0  0  0/0     7:09   0:00   0:00 
Nick Perbix              0  0  0   0  0   0  0  0  0  0  0/0    16:05   0:00   5:08 
Nicolas Hague            0  0  0  -3  2   1  6  1  0  0  0/0    14:58   0:00   0:00 
Tom Wilson               0  0  0   0  4   5  0  0  0  0  1/1    19:44   2:51   5:23 
Tyler Bozak              0  0  0   0  0   2  0  1  0  0  16/30  21:49   2:51   7:26 

Players Stats for SAN DIEGO THUNDER

Player Name              G  A  P  +/- PIM S  H  SB GA TA FO     MP     PP MP  PK MP  
------------------------------------------------------------------------------------
Alexandre Carrier        0  1  1   2  0   2  1  0  0  0  0/0    21:29   5:52   1:13 
Aliaksei Protas          0  0  0   0  0   1  1  0  0  0  0/2     4:12   0:00   0:00 
Austin Czarnik           0  0  0   0  0   0  1  0  0  0  1/1     4:12   0:00   0:00 
Blake Coleman            0  0  0   0  0   2  0  1  0  0  9/18   14:05   0:00   3:20 
Brandon Saad             1  0  1   1  0   2  1  0  0  0  1/4    22:21   6:30   3:33 
Charles McAvoy           0  1  1   2  2   3  1  1  0  0  0/0    25:19   6:54   4:02 
Connor Murphy            0  0  0   1  2   0  0  0  0  0  0/0    24:51   6:54   3:40 
David Perron             1  0  1   1  0   2  2  0  0  0  0/0    18:34   6:16   0:00 
Derek Forbort            0  0  0   0  0   0  0  2  0  0  0/0    12:33   0:00   0:00 
Erik Cernak              0  0  0   1  2   1  2  0  0  0  0/0    16:21   0:00   2:04 
Evander Kane             1  1  2   2  2   3  5  0  0  0  1/1    20:27   6:29   0:00 
Isac Lundestrom          0  0  0   0  0   2  0  0  0  0  0/0    10:45   0:00   0:00 
Karson Kuhlman           0  0  0   0  0   0  0  0  0  0  0/3     4:12   0:00   0:00 
Logan Couture            0  2  2   1  0   7  1  0  0  0  18/28  18:50   6:30   0:00 
Mark Scheifele           0  2  2   2  0   6  0  0  0  0  16/26  20:29   6:16   0:13 
Radko Gudas              0  0  0   0  2   0  3  0  0  0  0/0    19:23   5:52   0:59 
Ryan Hartman             1  0  1   2  0   4  1  0  0  0  4/7    22:40   6:16   2:26 
Tyler Motte              0  0  0   0  0   0  3  0  0  0  0/0    13:11   0:00   2:26 

3 Stars

1 - Evander Kane (SDG)
2 - Jonathan Drouin (REG)
3 - David Pastrnak (REG)

Power Play

REGINA FALCONS - 3 on 5 Attempt(s) - 60,00%
SAN DIEGO THUNDER - 1 on 7 Attempt(s) - 14,29%

Penalty Kill

REGINA FALCONS - 6 on 7 Attempt(s) - 85,71% - Score 0 goal in Penalty Kill
SAN DIEGO THUNDER - 2 on 5 Attempt(s) - 40,00% - Score 0 goal in Penalty Kill

Team Stat

REGINA FALCONS - Hits : 16 - Faceoff Wins : 40 - Blocked Shots : 11 - Penalty Minutes : 14
SAN DIEGO THUNDER - Hits : 22 - Faceoff Wins : 50 - Blocked Shots : 4 - Penalty Minutes : 10

Official

Referees : Brandon Schrader and Tim Peel
Linesman : Tyson Baker and Julien Fournier

Game Notes

Connor Hellebuyck enters game at 10:33 of 1st period

Finance

Level 1 -- Attendance: 5183 (82,66%) -- Ticket Income 907 025 $
Level 2 -- Attendance: 4832 (90,83%) -- Ticket Income 579 840 $
Level 3 -- Attendance: 2045 (97,85%) -- Ticket Income 204 500 $
Level 4 -- Attendance: 4084 (94,54%) -- Ticket Income 285 880 $
Luxury Box -- Attendance: 1000 (100,00%) -- Ticket Income 300 000 $
Total Attendance: 17144 (90,23%)
Total Ticket Income: 2 277 245 $
Other Expense: 22 772 $
Total Income: 2 254 473 $

REGINA FALCONS

5 vs 5 Forward 
   Center                   Left Wing                Right Wing               Time % Phy DF OF 
 1 Jonathan Drouin          Jason Dickinson          David Pastrnak           32     1   2  2  
 2 Tyler Bozak              Filip Zadina             Tom Wilson               32     1   2  2  
 3 Chris Tierney            Jonathan Miller          Joel Armia               25     1   2  2  
 4 James Hamblin            Cole Smith               Michael Dal Colle        11     1   2  2  

5 vs 5 Defense 
   Defense                  Defense                                           Time % Phy DF OF 
 1 Nicolas Hague            Ivan Provorov                                     33     1   2  2  
 2 Matt Bartkowski          Andrej Sekera                                     33     1   2  2  
 3 Ben Harpur               Nick Perbix                                       24     1   2  2  
 4 Matt Bartkowski          Ivan Provorov                                     10     1   2  2  

PowerPlay Forward 
   Center                   Left Wing                Right Wing               Time % Phy DF OF 
 1 Jonathan Drouin          Jason Dickinson          David Pastrnak           55     1   2  2  
 2 Tyler Bozak              Joel Armia               Tom Wilson               45     1   2  2  

PowerPlay Defense
   Defense                  Defense                                           Time % Phy DF OF 
 1 Matt Bartkowski          Ivan Provorov                                     55     1   2  2  
 2 Ben Harpur               Andrej Sekera                                     45     1   2  2  

Penalty Kill 4 Players Forward 
   Center                   Wing                     Time % Phy DF OF 
 1 Tyler Bozak              Tom Wilson               55     1   2  2  
 2 Jonathan Drouin          Joel Armia               45     1   2  2  

Penalty Kill 4 Players Defense
   Defense                  Defense                  Time % Phy DF OF 
 1 Matt Bartkowski          Ivan Provorov            55     1   2  2  
 2 Nick Perbix              Andrej Sekera            45     1   2  2  

Penalty Kill - 3 Players Forward 
   Forward                                           Time % Phy DF OF 
 1 Jonathan Drouin                                   55     1   2  2  
 2 Tom Wilson                                        45     1   2  2  

Penalty Kill - 3 Players Defense
   Defense                  Defense                  Time % Phy DF OF 
 1 Matt Bartkowski          Ivan Provorov            55     1   2  2  
 2 Nick Perbix              Andrej Sekera            45     1   2  2  

4 vs 4 Forward 
   Center                   Wing                     Time % Phy DF OF 
 1 Tyler Bozak              Tom Wilson               55     1   2  2  
 2 Jonathan Drouin          Joel Armia               45     1   2  2  

4 vs 4 Defense
   Defense                  Defense                  Time % Phy DF OF 
 1 Nicolas Hague            Ivan Provorov            55     1   2  2  
 2 Ben Harpur               Andrej Sekera            45     1   2  2  

Last Minutes Offensive
   Center                   Left Wing                Right Wing               Defense                  Defense                  
   Jonathan Drouin          Jason Dickinson          David Pastrnak           Nicolas Hague            Ivan Provorov            

Last Minutes Defensive
   Center                   Left Wing                Right Wing               Defense                  Defense                  
   Jonathan Drouin          Jason Dickinson          David Pastrnak           Nicolas Hague            Ivan Provorov            

Goaltenders
Starting : Chris Driedger           
Backup : Jordan Binnington        

Extra Forwards
Normal : Cole Smith, Chris Tierney, James Hamblin - PP : Cole Smith, Chris Tierney - PK : James Hamblin
Extra Defensemen
Normal : Ben Harpur, Nick Perbix, Ivan Provorov - PP : Ben Harpur - PK : Nick Perbix, Matt Bartkowski
Penalty Shots
Jason Dickinson, Tom Wilson, Jonathan Drouin, Joel Armia, Tyler Bozak
Custom OT Lines Forwards
David Pastrnak, Tom Wilson, Jonathan Drouin, Joel Armia, Tyler Bozak, Jason Dickinson, Chris Tierney, Filip Zadina, James Hamblin, Michael Dal Colle
Custom OT Lines Defensemen
Matt Bartkowski, Ivan Provorov, Nicolas Hague, Andrej Sekera, Ben Harpur

Scratches
Aaron Ekblad (Exhaustion), Joel Edmundson (Right Leg Injury), Taylor Ward (Healthy)

SAN DIEGO THUNDER

5 vs 5 Forward 
   Center                   Left Wing                Right Wing               Time % Phy DF OF 
 1 Mark Scheifele           Evander Kane             Ryan Hartman             35     0   2  3  
 2 Logan Couture            David Perron             Brandon Saad             32     0   2  3  
 3 Blake Coleman            Isac Lundestrom          Tyler Motte              28     0   3  2  
 4 Aliaksei Protas          Austin Czarnik           Karson Kuhlman           5      0   4  1  

5 vs 5 Defense 
   Defense                  Defense                                           Time % Phy DF OF 
 1 Charles McAvoy           Alexandre Carrier                                 38     0   3  2  
 2 Connor Murphy            Erik Cernak                                       36     0   3  2  
 3 Derek Forbort            Radko Gudas                                       26     0   3  2  
 4 Radko Gudas              Erik Cernak                                       0      0   2  3  

PowerPlay Forward 
   Center                   Left Wing                Right Wing               Time % Phy DF OF 
 1 Mark Scheifele           David Perron             Ryan Hartman             55     0   0  5  
 2 Logan Couture            Evander Kane             Brandon Saad             45     0   0  5  

PowerPlay Defense
   Defense                  Defense                                           Time % Phy DF OF 
 1 Connor Murphy            Charles McAvoy                                    55     0   1  4  
 2 Radko Gudas              Alexandre Carrier                                 45     0   1  4  

Penalty Kill 4 Players Forward 
   Center                   Wing                     Time % Phy DF OF 
 1 Blake Coleman            Brandon Saad             55     0   4  1  
 2 Ryan Hartman             Tyler Motte              45     0   4  1  

Penalty Kill 4 Players Defense
   Defense                  Defense                  Time % Phy DF OF 
 1 Radko Gudas              Connor Murphy            55     0   5  0  
 2 Charles McAvoy           Erik Cernak              45     0   5  0  

Penalty Kill - 3 Players Forward 
   Forward                                           Time % Phy DF OF 
 1 Blake Coleman                                     55     0   5  0  
 2 Tyler Motte                                       45     0   5  0  

Penalty Kill - 3 Players Defense
   Defense                  Defense                  Time % Phy DF OF 
 1 Charles McAvoy           Connor Murphy            55     0   4  1  
 2 Radko Gudas              Erik Cernak              45     0   4  1  

4 vs 4 Forward 
   Center                   Wing                     Time % Phy DF OF 
 1 Mark Scheifele           Logan Couture            55     0   2  3  
 2 David Perron             Evander Kane             45     0   2  3  

4 vs 4 Defense
   Defense                  Defense                  Time % Phy DF OF 
 1 Charles McAvoy           Radko Gudas              55     0   2  3  
 2 Connor Murphy            Erik Cernak              45     0   2  3  

Last Minutes Offensive
   Center                   Left Wing                Right Wing               Defense                  Defense                  
   Mark Scheifele           David Perron             Logan Couture            Charles McAvoy           Connor Murphy            

Last Minutes Defensive
   Center                   Left Wing                Right Wing               Defense                  Defense                  
   Mark Scheifele           Logan Couture            Ryan Hartman             Charles McAvoy           Connor Murphy            

Goaltenders
Starting : Thomas Greiss            
Backup : Connor Hellebuyck        

Extra Forwards
Normal : Mark Scheifele, David Perron, Evander Kane - PP : Mark Scheifele, David Perron - PK : Mark Scheifele
Extra Defensemen
Normal : Connor Murphy, Charles McAvoy, Erik Cernak - PP : Charles McAvoy - PK : Connor Murphy, Charles McAvoy
Penalty Shots
Mark Scheifele, David Perron, Evander Kane, Logan Couture, Brandon Saad
Custom OT Lines Forwards
Mark Scheifele, Ryan Hartman, David Perron, Evander Kane, Brandon Saad, Logan Couture, Tyler Motte, Austin Czarnik, Isac Lundestrom, Aliaksei Protas
Custom OT Lines Defensemen
Charles McAvoy, Connor Murphy, Erik Cernak, Radko Gudas, Alexandre Carrier

Scratches
Drake Batherson (Sore Left Knee Injury)

% Time on Ice - REGINA FALCONS

Lines # - Real PCT - Wanted PCT - Time Play
Normal Forward
1 - 34% - 32% - 13:52
2 - 28% - 32% - 11:30
3 - 21% - 25% - 8:42
4 - 17% - 11% - 7:09
Normal Defense
1 - 36% - 33% - 14:59
2 - 32% - 33% - 12:59
3 - 26% - 24% - 10:55
4 - 6% - 10% - 2:20
PP Forward
1 - 52% - 55% - 3:08
2 - 48% - 45% - 2:51
PP Defense
1 - 53% - 55% - 3:11
2 - 47% - 45% - 2:48
PK Forward
1 - 61% - 55% - 7:51
2 - 39% - 45% - 4:55
PK Defense
1 - 60% - 55% - 7:38
2 - 40% - 45% - 5:08
PK3 Forward
1 - 0% - 55%
2 - 0% - 45%
PK3 Defense
1 - 0% - 55%
2 - 0% - 45%
44 Forward
1 - 100% - 55% - 0:02
2 - 0% - 45% - 0:00
44 Defense
1 - 0% - 55% - 0:00
2 - 100% - 45% - 0:02
Last Minute Offensive  - 0:00
Last Minute Defensive  - 0:00
Total
Forward - 60:00
Defense - 60:00

% Time on Ice - SAN DIEGO THUNDER

Lines # - Real PCT - Wanted PCT - Time Play
Normal Forward
1 - 34% - 35% - 13:58
2 - 30% - 32% - 12:18
3 - 26% - 28% - 10:45
4 - 10% - 5% - 4:12
Normal Defense
1 - 35% - 38% - 14:24
2 - 35% - 36% - 14:16
3 - 30% - 26% - 12:33
4 - 0% - 0% - 0:00
PP Forward
1 - 49% - 55% - 6:16
2 - 51% - 45% - 6:30
PP Defense
1 - 54% - 55% - 6:54
2 - 46% - 45% - 5:52
PK Forward
1 - 59% - 55% - 3:33
2 - 41% - 45% - 2:26
PK Defense
1 - 43% - 55% - 2:33
2 - 57% - 45% - 3:26
PK3 Forward
1 - 0% - 55%
2 - 0% - 45%
PK3 Defense
1 - 0% - 55%
2 - 0% - 45%
44 Forward
1 - 100% - 55% - 0:02
2 - 0% - 45% - 0:00
44 Defense
1 - 0% - 55% - 0:00
2 - 100% - 45% - 0:02
Last Minute Offensive  - 0:00
Last Minute Defensive  - 0:00
Total
Forward - 60:00
Defense - 60:00

Play-by-Play

1st period


0:01 of 1st period - Mark Scheifele wins face-off versus Jonathan Drouin in neutral zone.
0:23 of 1st period - Shot by Jonathan Drouin.
0:23 of 1st period - Shot Misses the Net.
0:33 of 1st period - Shot by Jonathan Drouin.
0:33 of 1st period - Shot Misses the Net.
0:35 of 1st period - Shot by Nicolas Hague.
0:35 of 1st period - Stopped by Thomas Greiss without a rebound.
0:36 of 1st period - Logan Couture wins face-off versus Filip Zadina in SAN DIEGO THUNDER zone.
0:49 of 1st period - Shot by David Perron.
0:49 of 1st period - Shot Blocked by Tyler Bozak.
2:04 of 1st period - Icing by Radko Gudas.
2:05 of 1st period - Blake Coleman wins face-off versus James Hamblin in SAN DIEGO THUNDER zone.
2:05 of 1st period - Blake Coleman is hit by Cole Smith.
2:38 of 1st period - Icing by Alexandre Carrier.
2:39 of 1st period - Mark Scheifele wins face-off versus Jason Dickinson in SAN DIEGO THUNDER zone.
3:01 of 1st period - Jonathan Drouin is hit by Charles McAvoy and loses puck.
3:09 of 1st period - Jonathan Drouin is hit by Alexandre Carrier and loses puck.
3:17 of 1st period - Icing by Ryan Hartman.
3:18 of 1st period - Mark Scheifele wins face-off versus Tyler Bozak in SAN DIEGO THUNDER zone.
3:25 of 1st period - Shot by Mark Scheifele.
3:25 of 1st period - Stopped by Chris Driedger without a rebound.
3:26 of 1st period - Tyler Bozak wins face-off versus Karson Kuhlman in REGINA FALCONS zone.
3:28 of 1st period - Icing by Tom Wilson.
3:29 of 1st period - Tyler Bozak wins face-off versus Logan Couture in REGINA FALCONS zone.
3:29 of 1st period - Tyler Bozak is hit by Logan Couture.
3:51 of 1st period - David Perron is hit by Nicolas Hague and loses puck.
3:58 of 1st period - Shot by Logan Couture.
3:58 of 1st period - Shot Misses the Net.
4:26 of 1st period - Nicolas Hague is hit by Tyler Motte and loses puck.
4:41 of 1st period - Blake Coleman is hit by Nicolas Hague and loses puck.
4:52 of 1st period - Icing by Radko Gudas.
4:53 of 1st period - Chris Tierney wins face-off versus Blake Coleman in SAN DIEGO THUNDER zone.
5:48 of 1st period - Icing by Charles McAvoy.
5:49 of 1st period - Jonathan Drouin wins face-off versus Mark Scheifele in SAN DIEGO THUNDER zone.
5:51 of 1st period - Minor Penalty to Charles McAvoy for Interference.
5:52 of 1st period - Blake Coleman wins face-off versus Jonathan Drouin in SAN DIEGO THUNDER zone.
6:08 of 1st period - Shot by David Pastrnak.
6:08 of 1st period - Stopped by Thomas Greiss without a rebound.
6:09 of 1st period - Jonathan Drouin wins face-off versus Blake Coleman in SAN DIEGO THUNDER zone.
6:14 of 1st period - Shot by David Pastrnak.
6:14 of 1st period - Goal by David Pastrnak - REGINA FALCONS : 1 - SAN DIEGO THUNDER : 0.
6:15 of 1st period - Mark Scheifele wins face-off versus James Hamblin in neutral zone.
6:39 of 1st period - Shot by Ryan Hartman.
6:39 of 1st period - Stopped by Chris Driedger without a rebound.
6:40 of 1st period - Logan Couture wins face-off versus David Pastrnak in REGINA FALCONS zone.
7:00 of 1st period - Minor Penalty to Erik Cernak for Tripping.
7:01 of 1st period - Blake Coleman wins face-off versus Tyler Bozak in SAN DIEGO THUNDER zone.
7:51 of 1st period - Icing by David Pastrnak.
7:52 of 1st period - Blake Coleman wins face-off versus Jonathan Drouin in REGINA FALCONS zone.
8:05 of 1st period - Shot by Blake Coleman.
8:05 of 1st period - Stopped by Chris Driedger without a rebound.
8:06 of 1st period - Brandon Saad wins face-off versus Jonathan Drouin in REGINA FALCONS zone.
8:17 of 1st period - Blake Coleman is hit by Jason Dickinson and loses puck.
8:26 of 1st period - Shot by Jonathan Drouin.
8:26 of 1st period - Goal by Jonathan Drouin - REGINA FALCONS : 2 - SAN DIEGO THUNDER : 0.
8:27 of 1st period - Chris Tierney wins face-off versus Mark Scheifele in neutral zone.
9:22 of 1st period - Shot by David Perron.
9:22 of 1st period - Shot Blocked by Andrej Sekera.
9:24 of 1st period - Shot by Logan Couture.
9:24 of 1st period - Shot Blocked by Andrej Sekera.
9:30 of 1st period - Shot by Logan Couture.
9:30 of 1st period - Shot Misses the Net.
9:32 of 1st period - Shot by Logan Couture.
9:32 of 1st period - Shot Blocked by Andrej Sekera.
9:34 of 1st period - Shot by David Perron.
9:34 of 1st period - Shot Misses the Net.
9:36 of 1st period - Shot by Logan Couture.
9:36 of 1st period - Stopped by Chris Driedger with a rebound.
9:55 of 1st period - Shot by David Perron.
9:55 of 1st period - Shot Misses the Net.
9:59 of 1st period - Shot by Brandon Saad.
9:59 of 1st period - Shot Blocked by Andrej Sekera.
10:12 of 1st period - Icing by Erik Cernak.
10:13 of 1st period - Jonathan Drouin wins face-off versus Logan Couture in SAN DIEGO THUNDER zone.
10:19 of 1st period - Minor Penalty to Connor Murphy for Hooking.
10:20 of 1st period - Jonathan Drouin wins face-off versus Ryan Hartman in SAN DIEGO THUNDER zone.
10:22 of 1st period - David Pastrnak is hit by Radko Gudas and loses puck.
10:31 of 1st period - Shot by Jonathan Drouin.
10:31 of 1st period - Stopped by Thomas Greiss with a rebound.
10:33 of 1st period - Shot by Ivan Provorov.
10:33 of 1st period - Goal by Ivan Provorov - REGINA FALCONS : 3 - SAN DIEGO THUNDER : 0.
10:33 of 1st period - Connor Hellebuyck enters game.
10:34 of 1st period - Jonathan Miller wins face-off versus Aliaksei Protas in neutral zone.
10:37 of 1st period - Alexandre Carrier is hit by Joel Armia.
11:19 of 1st period - Joel Armia is hit by Austin Czarnik.
11:23 of 1st period - Joel Armia is hit by Aliaksei Protas and loses puck.
11:42 of 1st period - Derek Forbort is hit by Joel Armia and loses puck.
11:52 of 1st period - Blake Coleman is hit by Nicolas Hague and loses puck.
11:58 of 1st period - David Pastrnak is hit by Radko Gudas and loses puck.
12:12 of 1st period - David Pastrnak is hit by Radko Gudas and loses puck.
13:10 of 1st period - Shot by Ryan Hartman.
13:10 of 1st period - Shot Misses the Net.
13:38 of 1st period - Tom Wilson is hit by Brandon Saad and loses puck.
13:47 of 1st period - Shot by David Perron.
13:47 of 1st period - Shot Misses the Net.
14:13 of 1st period - Shot by Logan Couture.
14:13 of 1st period - Stopped by Chris Driedger without a rebound.
14:14 of 1st period - Austin Czarnik wins face-off versus James Hamblin in REGINA FALCONS zone.
14:24 of 1st period - Icing by Ivan Provorov.
14:25 of 1st period - James Hamblin wins face-off versus Mark Scheifele in REGINA FALCONS zone.
14:25 of 1st period - James Hamblin is hit by Evander Kane.
14:58 of 1st period - Shot by Ryan Hartman.
14:58 of 1st period - Shot Misses the Net.
15:09 of 1st period - Icing by Nicolas Hague.
15:10 of 1st period - James Hamblin wins face-off versus Blake Coleman in REGINA FALCONS zone.
15:10 of 1st period - James Hamblin is hit by Tyler Motte.
15:52 of 1st period - Shot by David Pastrnak.
15:52 of 1st period - Stopped by Connor Hellebuyck with a rebound.
15:54 of 1st period - Shot by David Pastrnak.
15:54 of 1st period - Shot Misses the Net.
15:56 of 1st period - Shot by David Pastrnak.
15:56 of 1st period - Stopped by Connor Hellebuyck without a rebound.
15:57 of 1st period - Chris Tierney wins face-off versus Logan Couture in SAN DIEGO THUNDER zone.
16:12 of 1st period - Shot by Jonathan Miller.
16:12 of 1st period - Shot Blocked by Derek Forbort.
17:32 of 1st period - Shot by Mark Scheifele.
17:32 of 1st period - Stopped by Chris Driedger without a rebound.
17:33 of 1st period - Mark Scheifele wins face-off versus James Hamblin in REGINA FALCONS zone.
17:38 of 1st period - Shot by Evander Kane.
17:38 of 1st period - Goal by Evander Kane - REGINA FALCONS : 3 - SAN DIEGO THUNDER : 1.
17:39 of 1st period - Tom Wilson wins face-off versus Mark Scheifele in neutral zone.
17:39 of 1st period - Filip Zadina is hit by Evander Kane and loses puck.
17:46 of 1st period - Shot by Evander Kane.
17:46 of 1st period - Shot Misses the Net.
18:01 of 1st period - Mark Scheifele is hit by Nicolas Hague and loses puck.
19:12 of 1st period - Shot by Isac Lundestrom.
19:12 of 1st period - Stopped by Chris Driedger with a rebound.
19:14 of 1st period - Shot by Isac Lundestrom.
19:14 of 1st period - Stopped by Chris Driedger with a rebound.
19:16 of 1st period - Shot by Connor Murphy.
19:16 of 1st period - Shot Misses the Net.
19:38 of 1st period - Shot by Aliaksei Protas.
19:38 of 1st period - Shot Misses the Net.
Goals for this period are 3 for REGINA FALCONS vs 1 for SAN DIEGO THUNDER.
Shots for this period are 8 for REGINA FALCONS vs 9 for SAN DIEGO THUNDER.

2nd period


0:01 of 2nd period - Mark Scheifele wins face-off versus Jonathan Drouin in neutral zone.
0:15 of 2nd period - Shot by Ryan Hartman.
0:15 of 2nd period - Shot Blocked by Jason Dickinson.
0:23 of 2nd period - Shot by Mark Scheifele.
0:23 of 2nd period - Stopped by Chris Driedger with a rebound.
1:13 of 2nd period - Shot by David Perron.
1:13 of 2nd period - Stopped by Chris Driedger without a rebound.
1:14 of 2nd period - Tyler Bozak wins face-off versus Blake Coleman in REGINA FALCONS zone.
1:14 of 2nd period - Tyler Bozak is hit by Tyler Motte.
1:22 of 2nd period - Minor Penalty to Tom Wilson for Hooking.
1:23 of 2nd period - Logan Couture wins face-off versus Tyler Bozak in REGINA FALCONS zone.
2:45 of 2nd period - Shot by David Perron.
2:45 of 2nd period - Shot Misses the Net.
2:47 of 2nd period - Shot by Alexandre Carrier.
2:47 of 2nd period - Shot Misses the Net.
2:49 of 2nd period - Shot by Ryan Hartman.
2:49 of 2nd period - Shot Blocked by Ivan Provorov.
3:18 of 2nd period - Off-side.
3:19 of 2nd period - James Hamblin wins face-off versus Logan Couture in neutral zone.
3:41 of 2nd period - Icing by James Hamblin.
3:42 of 2nd period - James Hamblin wins face-off versus Aliaksei Protas in REGINA FALCONS zone.
4:34 of 2nd period - Shot by Jonathan Miller.
4:34 of 2nd period - Shot Misses the Net.
4:40 of 2nd period - Shot by Jonathan Miller.
4:40 of 2nd period - Stopped by Connor Hellebuyck without a rebound.
4:41 of 2nd period - Jonathan Drouin wins face-off versus Brandon Saad in SAN DIEGO THUNDER zone.
4:49 of 2nd period - Off-side.
4:50 of 2nd period - Logan Couture wins face-off versus Chris Tierney in neutral zone.
5:15 of 2nd period - Minor Penalty to Nicolas Hague for Roughing.
5:16 of 2nd period - Mark Scheifele wins face-off versus Tyler Bozak in REGINA FALCONS zone.
5:19 of 2nd period - Shot by Ryan Hartman.
5:19 of 2nd period - Shot Misses the Net.
5:44 of 2nd period - Shot by Ryan Hartman.
5:44 of 2nd period - Stopped by Chris Driedger with a rebound.
6:14 of 2nd period - Shot by Logan Couture.
6:14 of 2nd period - Stopped by Chris Driedger without a rebound.
6:15 of 2nd period - Logan Couture wins face-off versus Jonathan Drouin in REGINA FALCONS zone.
6:45 of 2nd period - Icing by Alexandre Carrier.
6:46 of 2nd period - Tyler Bozak wins face-off versus Logan Couture in SAN DIEGO THUNDER zone.
6:47 of 2nd period - Shot by Tom Wilson.
6:47 of 2nd period - Stopped by Connor Hellebuyck with a rebound.
6:53 of 2nd period - Shot by Logan Couture.
6:53 of 2nd period - Stopped by Chris Driedger with a rebound.
6:55 of 2nd period - Shot by Brandon Saad.
6:55 of 2nd period - Goal by Brandon Saad - REGINA FALCONS : 3 - SAN DIEGO THUNDER : 2.
6:56 of 2nd period - Jonathan Drouin wins face-off versus Blake Coleman in neutral zone.
6:58 of 2nd period - David Pastrnak is hit by Erik Cernak.
7:05 of 2nd period - Minor Penalty to Ben Harpur for Holding.
7:06 of 2nd period - Jonathan Drouin wins face-off versus Mark Scheifele in REGINA FALCONS zone.
8:05 of 2nd period - Shot by Evander Kane.
8:05 of 2nd period - Stopped by Chris Driedger without a rebound.
8:06 of 2nd period - Tyler Bozak wins face-off versus Logan Couture in REGINA FALCONS zone.
8:30 of 2nd period - Icing by Logan Couture.
8:31 of 2nd period - Logan Couture wins face-off versus Jonathan Drouin in SAN DIEGO THUNDER zone.
8:31 of 2nd period - Logan Couture is hit by Joel Armia.
9:02 of 2nd period - Minor Penalty to Evander Kane for Slashing.
9:03 of 2nd period - Tyler Bozak wins face-off versus Mark Scheifele in SAN DIEGO THUNDER zone.
9:16 of 2nd period - Shot by Jonathan Drouin.
9:16 of 2nd period - Stopped by Connor Hellebuyck without a rebound.
9:17 of 2nd period - Tyler Bozak wins face-off versus Ryan Hartman in SAN DIEGO THUNDER zone.
9:40 of 2nd period - Shot by Tyler Bozak.
9:40 of 2nd period - Stopped by Connor Hellebuyck without a rebound.
9:41 of 2nd period - Ryan Hartman wins face-off versus Jonathan Drouin in SAN DIEGO THUNDER zone.
10:14 of 2nd period - Shot by David Pastrnak.
10:14 of 2nd period - Shot Blocked by Charles McAvoy.
10:16 of 2nd period - Shot by David Pastrnak.
10:16 of 2nd period - Shot Misses the Net.
10:18 of 2nd period - Shot by Jason Dickinson.
10:18 of 2nd period - Stopped by Connor Hellebuyck without a rebound.
10:19 of 2nd period - Ryan Hartman wins face-off versus Tyler Bozak in SAN DIEGO THUNDER zone.
10:27 of 2nd period - Off-side.
10:28 of 2nd period - Tyler Bozak wins face-off versus Blake Coleman in neutral zone.
10:53 of 2nd period - Shot by Tom Wilson.
10:53 of 2nd period - Stopped by Connor Hellebuyck without a rebound.
10:54 of 2nd period - Ryan Hartman wins face-off versus Jonathan Drouin in SAN DIEGO THUNDER zone.
11:13 of 2nd period - Shot by Austin Czarnik.
11:13 of 2nd period - Deflect By Aliaksei Protas.
11:13 of 2nd period - Stopped by Chris Driedger without a rebound.
11:14 of 2nd period - Evander Kane wins face-off versus Jonathan Drouin in REGINA FALCONS zone.
11:55 of 2nd period - Off-side.
11:56 of 2nd period - Logan Couture wins face-off versus Tyler Bozak in neutral zone.
12:12 of 2nd period - Icing by Charles McAvoy.
12:13 of 2nd period - Logan Couture wins face-off versus Chris Tierney in SAN DIEGO THUNDER zone.
12:26 of 2nd period - Off-side.
12:27 of 2nd period - Mark Scheifele wins face-off versus Tyler Bozak in neutral zone.
13:12 of 2nd period - Shot by Ryan Hartman.
13:12 of 2nd period - Shot Blocked by Nicolas Hague.
13:14 of 2nd period - Shot by Erik Cernak.
13:14 of 2nd period - Stopped by Chris Driedger without a rebound.
13:15 of 2nd period - Blake Coleman wins face-off versus Jonathan Drouin in REGINA FALCONS zone.
13:34 of 2nd period - Charles McAvoy is hit by Jason Dickinson and loses puck.
13:51 of 2nd period - Shot by Jason Dickinson.
13:51 of 2nd period - Stopped by Connor Hellebuyck without a rebound.
13:52 of 2nd period - Logan Couture wins face-off versus Jonathan Miller in SAN DIEGO THUNDER zone.
14:04 of 2nd period - Shot by Chris Tierney.
14:04 of 2nd period - Shot Blocked by Derek Forbort.
14:06 of 2nd period - Shot by Joel Armia.
14:06 of 2nd period - Deflect By Jonathan Miller.
14:06 of 2nd period - Stopped by Connor Hellebuyck without a rebound.
14:07 of 2nd period - James Hamblin wins face-off versus Mark Scheifele in SAN DIEGO THUNDER zone.
14:07 of 2nd period - James Hamblin is hit by Erik Cernak.
14:42 of 2nd period - Icing by Cole Smith.
14:43 of 2nd period - Cole Smith wins face-off versus Logan Couture in REGINA FALCONS zone.
15:24 of 2nd period - Logan Couture is hit by Nicolas Hague and loses puck.
15:29 of 2nd period - Shot by David Perron.
15:29 of 2nd period - Goal by David Perron - REGINA FALCONS : 3 - SAN DIEGO THUNDER : 3.
15:30 of 2nd period - Jonathan Drouin wins face-off versus Blake Coleman in neutral zone.
16:04 of 2nd period - Shot by Blake Coleman.
16:04 of 2nd period - Stopped by Chris Driedger with a rebound.
16:52 of 2nd period - Shot by Ryan Hartman.
16:52 of 2nd period - Deflect By Mark Scheifele.
16:52 of 2nd period - Stopped by Chris Driedger without a rebound.
16:53 of 2nd period - Logan Couture wins face-off versus Chris Tierney in REGINA FALCONS zone.
16:54 of 2nd period - Shot by Alexandre Carrier.
16:54 of 2nd period - Stopped by Chris Driedger without a rebound.
16:55 of 2nd period - Logan Couture wins face-off versus Tyler Bozak in REGINA FALCONS zone.
17:10 of 2nd period - Shot by Logan Couture.
17:10 of 2nd period - Stopped by Chris Driedger with a rebound.
17:17 of 2nd period - Shot by Brandon Saad.
17:17 of 2nd period - Stopped by Chris Driedger with a rebound.
17:38 of 2nd period - Shot by Charles McAvoy.
17:38 of 2nd period - Shot Misses the Net.
17:40 of 2nd period - Shot by Alexandre Carrier.
17:40 of 2nd period - Shot Blocked by Ben Harpur.
18:23 of 2nd period - Shot by Evander Kane.
18:23 of 2nd period - Shot Blocked by Jonathan Miller.
18:25 of 2nd period - Shot by Ryan Hartman.
18:25 of 2nd period - Goal by Ryan Hartman - REGINA FALCONS : 3 - SAN DIEGO THUNDER : 4.
18:26 of 2nd period - Blake Coleman wins face-off versus James Hamblin in neutral zone.
18:45 of 2nd period - Shot by Michael Dal Colle.
18:45 of 2nd period - Stopped by Connor Hellebuyck with a rebound.
18:51 of 2nd period - Shot by Ivan Provorov.
18:51 of 2nd period - Stopped by Connor Hellebuyck with a rebound.
18:53 of 2nd period - Shot by Michael Dal Colle.
18:53 of 2nd period - Shot Blocked by Blake Coleman.
18:55 of 2nd period - Shot by Ivan Provorov.
18:55 of 2nd period - Stopped by Connor Hellebuyck with a rebound.
18:57 of 2nd period - Shot by Michael Dal Colle.
18:57 of 2nd period - Stopped by Connor Hellebuyck without a rebound.
18:58 of 2nd period - Logan Couture wins face-off versus Jonathan Drouin in SAN DIEGO THUNDER zone.
19:05 of 2nd period - Shot by Logan Couture.
19:05 of 2nd period - Stopped by Chris Driedger without a rebound.
19:06 of 2nd period - Mark Scheifele wins face-off versus Jonathan Drouin in REGINA FALCONS zone.
19:08 of 2nd period - Ryan Hartman is hit by Nicolas Hague and loses puck.
19:12 of 2nd period - Icing by Ivan Provorov.
19:13 of 2nd period - Jonathan Drouin wins face-off versus Mark Scheifele in REGINA FALCONS zone.
19:13 of 2nd period - Jonathan Drouin is hit by Evander Kane.
19:21 of 2nd period - Shot by David Pastrnak.
19:21 of 2nd period - Shot Misses the Net.
19:23 of 2nd period - Shot by David Pastrnak.
19:23 of 2nd period - Stopped by Connor Hellebuyck without a rebound.
19:24 of 2nd period - Tyler Bozak wins face-off versus Logan Couture in SAN DIEGO THUNDER zone.
19:45 of 2nd period - Shot by Tom Wilson.
19:45 of 2nd period - Stopped by Connor Hellebuyck without a rebound.
19:46 of 2nd period - Blake Coleman wins face-off versus Jonathan Drouin in SAN DIEGO THUNDER zone.
Goals for this period are 0 for REGINA FALCONS vs 3 for SAN DIEGO THUNDER.
Shots for this period are 14 for REGINA FALCONS vs 17 for SAN DIEGO THUNDER.

3rd period


0:01 of 3rd period - Mark Scheifele wins face-off versus Tyler Bozak in neutral zone.
0:04 of 3rd period - Tom Wilson is hit by Evander Kane and loses puck.
0:19 of 3rd period - Shot by Tyler Bozak.
0:19 of 3rd period - Stopped by Connor Hellebuyck with a rebound.
0:21 of 3rd period - Shot by Tom Wilson.
0:21 of 3rd period - Shot Misses the Net.
0:23 of 3rd period - Shot by Tom Wilson.
0:23 of 3rd period - Shot Misses the Net.
0:25 of 3rd period - Shot by Tom Wilson.
0:25 of 3rd period - Shot Misses the Net.
0:27 of 3rd period - Shot by Tom Wilson.
0:27 of 3rd period - Stopped by Connor Hellebuyck without a rebound.
0:28 of 3rd period - Blake Coleman wins face-off versus Jonathan Drouin in SAN DIEGO THUNDER zone.
1:06 of 3rd period - Shot by Tyler Motte.
1:06 of 3rd period - Shot Misses the Net.
2:17 of 3rd period - Derek Forbort is hit by Joel Armia and loses puck.
2:28 of 3rd period - Ben Harpur is hit by Ryan Hartman and loses puck.
2:40 of 3rd period - Minor Penalty to Radko Gudas for Hooking.
2:41 of 3rd period - Tyler Bozak wins face-off versus Brandon Saad in SAN DIEGO THUNDER zone.
2:58 of 3rd period - Shot by Joel Armia.
2:58 of 3rd period - Shot Misses the Net.
3:00 of 3rd period - Shot by Tom Wilson.
3:00 of 3rd period - Shot Misses the Net.
3:02 of 3rd period - Shot by Ivan Provorov.
3:02 of 3rd period - Stopped by Connor Hellebuyck without a rebound.
3:03 of 3rd period - Ryan Hartman wins face-off versus Jonathan Drouin in SAN DIEGO THUNDER zone.
3:03 of 3rd period - Ryan Hartman is hit by Jason Dickinson.
3:06 of 3rd period - Tyler Motte is hit by Jonathan Drouin.
3:34 of 3rd period - Shot by David Pastrnak.
3:34 of 3rd period - Shot Misses the Net.
3:52 of 3rd period - Shot by Tom Wilson.
3:52 of 3rd period - Stopped by Connor Hellebuyck without a rebound.
3:53 of 3rd period - Blake Coleman wins face-off versus Tyler Bozak in SAN DIEGO THUNDER zone.
4:01 of 3rd period - Icing by Tom Wilson.
4:02 of 3rd period - Tyler Bozak wins face-off versus Blake Coleman in REGINA FALCONS zone.
4:40 of 3rd period - Shot by Jonathan Drouin.
4:40 of 3rd period - Stopped by Connor Hellebuyck without a rebound.
4:41 of 3rd period - Mark Scheifele wins face-off versus James Hamblin in SAN DIEGO THUNDER zone.
6:24 of 3rd period - Off-side.
6:25 of 3rd period - Logan Couture wins face-off versus Tyler Bozak in neutral zone.
7:44 of 3rd period - Shot by Alexandre Carrier.
7:44 of 3rd period - Stopped by Chris Driedger without a rebound.
7:45 of 3rd period - Mark Scheifele wins face-off versus Jonathan Drouin in REGINA FALCONS zone.
8:17 of 3rd period - Minor Penalty to Ben Harpur for Boarding.
8:18 of 3rd period - Logan Couture wins face-off versus Tyler Bozak in REGINA FALCONS zone.
8:28 of 3rd period - Icing by Evander Kane.
8:29 of 3rd period - Tyler Bozak wins face-off versus Logan Couture in SAN DIEGO THUNDER zone.
8:30 of 3rd period - Shot by Tom Wilson.
8:30 of 3rd period - Shot Misses the Net.
9:03 of 3rd period - Shot by Evander Kane.
9:03 of 3rd period - Shot Misses the Net.
9:41 of 3rd period - Icing by David Perron.
9:42 of 3rd period - Mark Scheifele wins face-off versus Jonathan Drouin in SAN DIEGO THUNDER zone.
9:51 of 3rd period - Shot by Ryan Hartman.
9:51 of 3rd period - Stopped by Chris Driedger without a rebound.
9:52 of 3rd period - Logan Couture wins face-off versus Jonathan Drouin in REGINA FALCONS zone.
10:01 of 3rd period - Shot by Charles McAvoy.
10:01 of 3rd period - Stopped by Chris Driedger without a rebound.
10:02 of 3rd period - Mark Scheifele wins face-off versus Joel Armia in REGINA FALCONS zone.
10:17 of 3rd period - Shot by Ryan Hartman.
10:17 of 3rd period - Deflect By Blake Coleman.
10:17 of 3rd period - Shot Misses the Net.
10:36 of 3rd period - Minor Penalty to Ben Harpur for Tripping.
10:37 of 3rd period - Tyler Bozak wins face-off versus Ryan Hartman in REGINA FALCONS zone.
10:37 of 3rd period - Tom Wilson is hit by David Perron and loses puck.
10:56 of 3rd period - Shot by Mark Scheifele.
10:56 of 3rd period - Shot Misses the Net.
10:58 of 3rd period - Shot by Charles McAvoy.
10:58 of 3rd period - Shot Misses the Net.
11:00 of 3rd period - Shot by David Perron.
11:00 of 3rd period - Shot Misses the Net.
11:35 of 3rd period - Icing by Alexandre Carrier.
11:36 of 3rd period - Logan Couture wins face-off versus Jonathan Drouin in SAN DIEGO THUNDER zone.
11:59 of 3rd period - Shot by Logan Couture.
11:59 of 3rd period - Shot Blocked by Jonathan Drouin.
12:01 of 3rd period - Shot by Evander Kane.
12:01 of 3rd period - Deflect By Logan Couture.
12:01 of 3rd period - Stopped by Chris Driedger with a rebound.
12:03 of 3rd period - Shot by Evander Kane.
12:03 of 3rd period - Stopped by Chris Driedger without a rebound.
12:04 of 3rd period - Mark Scheifele wins face-off versus Jonathan Drouin in REGINA FALCONS zone.
12:07 of 3rd period - Shot by Mark Scheifele.
12:07 of 3rd period - Shot Misses the Net.
12:09 of 3rd period - Shot by Mark Scheifele.
12:09 of 3rd period - Stopped by Chris Driedger without a rebound.
12:10 of 3rd period - Logan Couture wins face-off versus Tyler Bozak in REGINA FALCONS zone.
14:07 of 3rd period - Shot by Ryan Hartman.
14:07 of 3rd period - Deflect By Evander Kane.
14:07 of 3rd period - Shot Misses the Net.
14:09 of 3rd period - Shot by Ryan Hartman.
14:09 of 3rd period - Deflect By Mark Scheifele.
14:09 of 3rd period - Stopped by Chris Driedger with a rebound.
14:15 of 3rd period - Shot by Ryan Hartman.
14:15 of 3rd period - Shot Misses the Net.
14:45 of 3rd period - Minor Penalty to Cole Smith for Slashing.
14:46 of 3rd period - Tyler Bozak wins face-off versus Brandon Saad in REGINA FALCONS zone.
14:46 of 3rd period - Tyler Bozak is hit by Evander Kane.
15:10 of 3rd period - Shot by Charles McAvoy.
15:10 of 3rd period - Shot Misses the Net.
15:12 of 3rd period - Shot by Charles McAvoy.
15:12 of 3rd period - Stopped by Chris Driedger with a rebound.
15:14 of 3rd period - Shot by Charles McAvoy.
15:14 of 3rd period - Stopped by Chris Driedger without a rebound.
15:15 of 3rd period - Tyler Bozak wins face-off versus Mark Scheifele in REGINA FALCONS zone.
15:58 of 3rd period - Icing by Ryan Hartman.
15:59 of 3rd period - Mark Scheifele wins face-off versus Tyler Bozak in SAN DIEGO THUNDER zone.
16:57 of 3rd period - Icing by Nicolas Hague.
16:58 of 3rd period - James Hamblin wins face-off versus Karson Kuhlman in REGINA FALCONS zone.
17:18 of 3rd period - Icing by Radko Gudas.
17:19 of 3rd period - Jonathan Drouin wins face-off versus Karson Kuhlman in SAN DIEGO THUNDER zone.
18:35 of 3rd period - Icing by Andrej Sekera.
18:36 of 3rd period - Tyler Bozak wins face-off versus Blake Coleman in REGINA FALCONS zone.
18:46 of 3rd period - Minor Penalty to Tom Wilson for Cross-checking.
18:47 of 3rd period - Jonathan Drouin wins face-off versus Mark Scheifele in REGINA FALCONS zone.
18:47 of 3rd period - Ivan Provorov is hit by David Perron and loses puck.
19:02 of 3rd period - Shot by Charles McAvoy.
19:02 of 3rd period - Shot Misses the Net.
19:45 of 3rd period - Icing by Logan Couture.
19:46 of 3rd period - Logan Couture wins face-off versus Joel Armia in SAN DIEGO THUNDER zone.
19:46 of 3rd period - Logan Couture is hit by Joel Armia.
19:49 of 3rd period - Icing by Evander Kane.
19:50 of 3rd period - Jonathan Drouin wins face-off versus Logan Couture in SAN DIEGO THUNDER zone.
Goals for this period are 0 for REGINA FALCONS vs 0 for SAN DIEGO THUNDER.
Shots for this period are 5 for REGINA FALCONS vs 9 for SAN DIEGO THUNDER.


SEBASTIAN
AHO
MARK
SCHEIFELE
JAKE
OETTINGER

EAST COAST

HOCKEY LEAGUE

  • 17.QUE3CHI2
  • 18.CHA2LIM4
  • 19.TRV3LON2
  • 20.CHW1BAL2
  • 21.PITMAN
  • 22.ATLNHW
  • 23.WORPET
  • 24.RHI